Map: Winter's Gate LE

Players

HeRoMaRinE

  • Race: Terran Terran
  • Spawn Location: 5:00

Classic - Winner!

  • Race: Protoss Protoss
  • Spawn Location: 11:00

Event: 2019 WCS Global FInals

VOD

Have the link to the VOD?

Description

Time

  • Played on: Oct. 25, 2019, 10:55 p.m.
  • Length: 11:25

All games in this series

Show
View Real Time Build Order
Export as new Build Order

HeRoMaRinE Terran 

Build Orders: Reaper Expand 

Get SALT Encoding   

  12  0:00  SCV  
  13  0:12  SCV  
  14  0:16  Supply Depot  
  14  0:24  SCV  
  15  0:38  SCV  
  15  0:39  Barracks  
  15  0:42  Refinery  
  16  0:50  SCV  
  17  1:02  SCV  
  18  1:14  SCV  
  19  1:26  Reaper, Orbital Command  
  20  1:46  Command Center  
  20  1:50  Supply Depot  
  20  1:52  SCV  
  21  1:58  Marine  
  22  2:04  SCV  
  23  2:09  Factory  
  23  2:16  SCV  
  23  2:20  Barracks Reactor  
  24  2:23  Barracks  
  24  2:28  SCV  
  25  2:31  Refinery  
  25  2:40  SCV  
  26  2:52  SCV  
  26  2:56  Marine x2  
  26  2:57  Widow Mine  
  31  3:00  Orbital Command  
  31  3:04  SCV  
  32  3:06  Starport  
  32  3:11  Barracks Tech Lab  
  32  3:14  Marine  
  32  3:15  Marine  
  32  3:16  SCV  
  35  3:20  Widow Mine  
  35  3:26  SCV  
  38  3:29  SCV  
  38  3:32  Marine  
  41  3:37  Supply Depot  
  41  3:38  SCV  
  41  3:41  SCV  
  42  3:44  Medivac  
  42  3:47  Refinery, Stimpack  
  44  3:50  SCV  
  44  3:53  SCV  
  44  3:54  Factory Tech Lab  
  46  3:59  Marine x3  
  46  4:01  Supply Depot  
  49  4:03  SCV  
  49  4:05  SCV  
  51  4:14  Siege Tank  
  54  4:18  Barracks  
  54  4:20  Starport Reactor  
  54  4:23  SCV x2  
  56  4:24  Supply Depot  
  56  4:29  Engineering Bay  
  56  4:32  Marine  
  56  4:34  Marine  
  56  4:35  Marine, SCV x2  
  61  4:46  Siege Tank  
  61  4:47  SCV x2  
  61  4:51  Supply Depot  
  61  4:52  Marine x2  
  66  4:55  Terran Infantry Weapons Level 1  
  66  4:57  Supply Depot  
  68  5:01  SCV x2  
  68  5:04  Starport Reactor  
  70  5:07  Refinery  
  70  5:12  Marine x2  
  70  5:13  SCV  
  70  5:14  Supply Depot, SCV  
  74  5:15  Marine  
  74  5:18  Marauder  
  76  5:21  Supply Depot  
  76  5:26  SCV  
  76  5:27  Combat Shield  
  77  5:29  SCV  
  77  5:30  Marine  
  77  5:32  Supply Depot  
  79  5:41  Supply Depot  
  79  5:42  Medivac x2, Marauder  
  86  5:43  Marine  
  86  5:47  Widow Mine  
  86  5:48  Widow Mine  
  90  5:50  Marauder  
  90  5:51  Marine  
  90  5:52  Concussive Shells  
  93  6:01  Marine  
  93  6:04  Marauder  
  96  6:05  Supply Depot  
  96  6:08  Widow Mine  
  96  6:09  Marine  
  96  6:10  Widow Mine  
  101  6:11  Marauder  
  103  6:19  Marine  
  103  6:25  Marauder  
  104  6:26  Marine  
  104  6:27  Medivac x2  
  107  6:33  Widow Mine  
  107  6:34  Widow Mine, Marine  
  107  6:37  Marine  
  113  6:46  Command Center  
  113  6:49  Terran Infantry Armor Level 1  
  113  6:52  Marauder  
  113  6:53  Supply Depot, Marine  
  117  6:55  Marauder  
  117  6:59  SCV x2  
  120  7:03  Medivac x2  
  120  7:06  Widow Mine  
  126  7:12  SCV x2  
  126  7:13  Widow Mine  
  120  7:19  Marine, Marauder x2  
  120  7:20  Marine  
  112  7:27  Widow Mine  
  96  7:34  Widow Mine  
  89  7:40  Barracks, Marine x2, Marauder x2  
  89  7:41  Barracks  
  95  7:44  Armory  
  95  7:46  Engineering Bay  
  95  7:49  SCV x2  
  101  7:58  Marine x2  
  102  7:59  Orbital Command  
  102  8:01  SCV x2  
  102  8:03  Widow Mine x2  
  109  8:06  Marauder  
  109  8:08  Marauder  
  109  8:13  SCV x2  
  109  8:15  Ghost Academy  
  111  8:24  Marine x2  
  111  8:25  SCV x2  
  114  8:28  SCV, Marauder  
  114  8:29  Marauder  
  108  8:37  SCV x2  
  108  8:40  SCV  
  98  8:43  Marine x2  
  95  8:49  SCV x2, Marauder  
  95  8:51  Marauder  
  95  8:52  SCV  
  95  9:00  Marine, Terran Infantry Armor Level 2, Terran Infantry Weapons Level 2  
  95  9:01  Marine, SCV x2  
  98  9:04  SCV  
  98  9:05  Barracks Tech Lab, Marine  
  95  9:11  Marauder  
  95  9:13  SCV  
  95  9:15  SCV  
  95  9:17  SCV  
  101  9:20  Refinery  
  101  9:21  Widow Mine x2, Marine, Refinery  
  101  9:23  Barracks Reactor  
  101  9:24  Barracks Tech Lab  
  105  9:26  Viking, SCV  
  105  9:27  SCV  
  105  9:29  SCV  
  110  9:32  Viking  
  110  9:38  SCV  
  113  9:39  SCV  
  113  9:41  Marine x2, SCV  
  113  9:44  Widow Mine x2  
  121  9:48  Marauder x2  
  121  9:50  SCV  
  121  9:51  SCV  
  127  9:53  Supply Depot  
  127  9:55  Supply Depot  
  123  10:04  Ghost Academy, SCV x3  
  123  10:06  Marine, Marauder  
  128  10:07  Marine  
  128  10:09  Marine, Marauder  
  132  10:14  Marine  
  132  10:16  SCV x2  
  137  10:25  SCV  
  144  10:38  Viking  
  144  10:40  Viking  
  144  10:41  Ghost x3  
  143  10:42  SCV, Starport  
  143  10:43  SCV  
  143  10:44  SCV  
  143  10:47  Marine x2  
  147  10:50  Marine x2  
  147  10:54  SCV  
  150  11:07  Command Center  
Show
View Real Time Build Order
Export as new Build Order

Classic Protoss - Winner!

Build Orders: 1 Gate Expand, Double Forge, Phoenix Opening, Blink Stalkers, Chargelot Immortal 

Get SALT Encoding   

  12  0:00  Probe  
  13  0:12  Probe  
  14  0:17  Pylon  
  14  0:24  Probe  
  15  0:36  Gateway  
  15  0:37  Probe (Chrono Boost)  
  16  0:47  Assimilator, Probe (Chrono Boost)  
  17  0:51  Probe (Chrono Boost)  
  18  1:03  Probe  
  19  1:15  Probe  
  20  1:23  Nexus  
  20  1:34  Cybernetics Core  
  20  1:36  Probe  
  21  1:42  Assimilator  
  21  1:49  Probe  
  21  1:53  Pylon  
  22  2:01  Probe  
  23  2:08  Adept (Chrono Boost)  
  23  2:10  Warp Gate  
  23  2:13  Probe  
  26  2:25  Probe  
  27  2:31  Sentry  
  27  2:36  Probe (Chrono Boost)  
  30  2:39  Probe (Chrono Boost)  
  31  2:47  Probe (Chrono Boost)  
  31  2:49  Probe (Chrono Boost)  
  31  2:51  Twilight Council  
  33  2:52  Probe (Chrono Boost)  
  33  2:54  Probe (Chrono Boost)  
  33  2:57  Stalker  
  37  3:02  Probe  
  37  3:05  Probe  
  39  3:07  Gateway  
  39  3:13  Phoenix  
  39  3:14  Probe  
  39  3:17  Probe  
  39  3:18  Blink (Chrono Boost)  
  39  3:19  Pylon  
  41  3:27  Probe  
  41  3:28  Stalker  
  41  3:29  Probe  
  45  3:38  Robotics Facility  
  45  3:40  Probe  
  46  3:41  Probe  
  46  3:44  Assimilator  
  47  3:52  Probe  
  47  3:54  Probe  
  47  3:55  Pylon  
  49  4:02  Stalker  
  51  4:05  Probe  
  51  4:06  Probe  
  51  4:09  Nexus  
  53  4:13  Stalker  
  55  4:17  Pylon  
  55  4:22  Probe  
  55  4:23  Probe  
  57  4:25  Stalker  
  57  4:26  Observer  
  60  4:34  Forge  
  60  4:35  Forge  
  60  4:37  Probe  
  60  4:38  Probe  
  62  4:44  Pylon  
  62  4:49  Probe  
  62  4:50  Probe  
  62  4:51  Observer  
  65  4:53  Stalker  
  65  4:54  Stalker  
  69  5:01  Protoss Ground Weapons Level 1 (Chrono Boost)  
  69  5:02  Probe x2  
  71  5:08  Protoss Ground Armor Level 1 (Chrono Boost)  
  71  5:14  Probe x2  
  72  5:20  Charge (Chrono Boost)  
  73  5:23  Gateway x2  
  73  5:27  Gateway  
  73  5:29  Gateway  
  73  5:32  Probe x3  
  76  5:36  Gateway  
  76  5:39  Gateway  
  75  5:45  Immortal  
  75  5:49  Sentry  
  81  5:50  Pylon  
  81  5:55  Sentry  
  83  5:57  Pylon  
  83  5:58  Pylon  
  83  6:01  Probe x3  
  86  6:08  Pylon  
  86  6:24  Immortal  
  86  6:25  Zealot x5  
  98  6:26  Photon Cannon  
  98  6:31  Sentry  
  98  6:32  Zealot  
  102  6:37  Pylon  
  102  6:38  Pylon, Zealot  
  104  6:46  Zealot x5  
  114  6:47  Pylon  
  114  6:52  Zealot  
  116  7:05  Zealot x2  
  116  7:06  Zealot x5, Protoss Ground Weapons Level 2 (Chrono Boost)  
  116  7:07  Warp Prism  
  108  7:25  Protoss Ground Armor Level 2 (Chrono Boost)  
  96  7:33  Zealot x8  
  106  7:42  Assimilator  
  106  7:44  Probe  
  106  7:45  Probe x2  
  106  7:46  Assimilator  
  106  7:47  Assimilator  
  106  7:49  Observer  
  109  7:52  Immortal  
  109  7:56  Probe  
  109  7:57  Stalker x2  
  118  7:59  Probe x2  
  118  8:03  Zealot x5  
  118  8:05  Zealot  
  132  8:12  Robotics Facility  
  132  8:13  Probe, Robotics Bay  
  131  8:23  Zealot x3  
  131  8:24  Zealot x2  
  141  8:34  Immortal  
  137  8:44  Sentry  
  137  8:46  Zealot x5  
  147  8:49  Pylon  
  147  8:51  Pylon  
  147  8:54  Zealot x2  
  129  9:10  Colossus x2 (Chrono Boost)  
  129  9:11  Extended Thermal Lance (Chrono Boost)  
  141  9:21  Zealot x2  
  145  9:29  Nexus  
  145  9:31  Pylon  
  145  9:52  Colossus (Chrono Boost)  
  144  9:53  Colossus (Chrono Boost), Zealot  
  144  9:59  Stalker x2  
  160  10:00  Stalker x2  
  160  10:04  Templar Archives  
  156  10:11  Stalker x3  
  161  10:30  Warp Prism (Chrono Boost)  
  161  10:34  Observer (Chrono Boost)  
  162  10:38  Zealot  
  162  10:39  Zealot x3  
  162  10:40  High Templar  
  162  10:41  High Templar  
  174  10:45  Archon  
  174  10:47  Zealot x2  
  178  10:50  Pylon  
  178  10:52  Probe x3  
  178  10:53  Probe  
  182  11:01  Zealot x2  
  182  11:02  Zealot  
  164  11:20  Zealot x5  
Tags
 
Add a new tag
Caveats
  • Supply blocks, unpowered buildings, or Contaminate may cause inaccurate times.
  • Supply counts are checked every 10 seconds.